 Dungeon Crawl Stone Soup version 0.20-a0-1122-gb7cbeb9 (webtiles) character file.

84445 nikopol the Cleaver (level 15, -8/145 HPs)
             Began as a Gargoyle Berserker on May 3, 2017.
             Was the Champion of Trog.
             Mangled by a very large slime creature (12 damage)
             ... on level 11 of the Dungeon on May 13, 2017.
             The game lasted 01:29:04 (24803 turns).

nikopol the Cleaver (Gargoyle Berserker)           Turns: 24803, Time: 01:29:05

Health: -8/145     AC: 34    Str: 27    XL:     15   Next: 80%
Magic:  15/15      EV: 13    Int:  8    God:    Trog [******]
Gold:   413        SH:  0    Dex: 12    Spells: 14/14 levels left

rFire    . . .     SeeInvis +   a - +6 broad axe (freeze)
rCold    . . .     Gourm    .   (no shield)
rNeg     + . .     Faith    .   b - +6 chain mail "Gaatse" {+Inv MR+ Dex-2}
rPois    ∞         Spirit   .   V - +1 hat
rElec    +         Reflect  .   x - +0 cloak
rCorr    .         Harm     .   (no gloves)
MR       ++...                  g - +1 pair of boots
Stlth    ..........             f - amulet of regeneration
Regen    0.8/turn               (no ring)
MPRegen  0.2/turn               u - ring of see invisible

@: berserking, very quick
A: big wings, negative energy resistance 1, electricity resistance, unbreathing,
petrification resistance, rot immunity, AC +11
a: Fly, Berserk, Trog's Hand, Brothers in Arms, Burn Spellbooks, Renounce
Religion, Evoke Invisibility


You were on level 11 of the Dungeon.
You worshipped Trog.
Trog was exalted by your worship.
You were very hungry.

You visited 3 branches of the dungeon, and saw 20 of its levels.
You also visited: Sewer.

You collected 2120 gold pieces.
You spent 1707 gold pieces at shops.

Inventory:

Hand Weapons
 a - a +6 broad axe of freezing (weapon)
 w - a +4 longbow
 z - a +4 shortbow of freezing
 E - a +2 hand axe of flaming
 Z - a +6 executioner's axe of chopping
Missiles
 d - 182 arrows (quivered)
Armour
 b - the +6 chain mail "Gaatse" (worn) {+Inv MR+ Dex-2}
   (You bought it in a shop on level 2 of the Orcish Mines)

   It affects your dexterity (-2).
   It affects your resistance to hostile enchantments.
   It lets you turn invisible.
 g - a +1 pair of boots (worn)
 x - a +0 cloak (worn)
 V - a +1 hat (worn)
Jewellery
 f - an amulet of regeneration (around neck)
 u - a ring of see invisible (right hand)
Wands
 H - a wand of paralysis (20/24)
 P - a wand of disintegration (21/24)
Scrolls
 e - 4 scrolls of summoning
 h - 7 scrolls of teleportation
 i - a scroll of enchant weapon
 o - 7 scrolls of identify
 q - 4 scrolls of fog
 s - 7 scrolls of remove curse
 t - 2 scrolls of recharging
 v - 5 scrolls of enchant armour
 A - 7 scrolls of magic mapping
 T - 2 scrolls of fear
Potions
 j - 2 potions of brilliance
 m - 4 potions of haste
 p - 7 potions of heal wounds
 B - a potion of ambrosia {unknown}
 F - 7 potions of curing
 J - 2 potions of magic
 U - 2 potions of invisibility
Comestibles
 c - 12 bread rations
 k - 48 fruits
 l - 13 chunks of flesh
 C - 19 royal jellies
 K - 8 meat rations


   Skills:
 + Level 12.5 Fighting
 * Level 13.9 Axes
 + Level 13.3 Bows
 + Level 12.1 Armour
 + Level 9.3 Dodging


You had 14 spell levels left.
You didn't know any spells.

Dungeon Overview and Level Annotations

Branches:
Dungeon (12/15)            Temple (0/1) D:7            Lair (6/6) D:11
  Swamp (0/4) Lair:2       Spider (0/4) Lair:3        Slime (0/5) Lair:6
    Orc (2/2) D:10            Elf (0/3) Orc:2

Altars:
Gozag
Hepliaklqana
Kikubaaqudgha
Makhleb
Nemelex Xobeh
Okawaru
Trog
Wu Jian
Xom
Beogh
Jiyva

Shops:
D:5 %(!*   D:10 ?   D:11 [=   Orc:2 [([(

Annotations:
D:5 Ijyb
D:11 2 runed doors


Innate Abilities, Weirdness & Mutations

You are resistant to torment.
Your stone body is resilient. (AC +11)
You are immune to poison.
Your large and strong wings let you fly indefinitely.
You resist negative energy. (rN+)
You are resistant to electric shocks. (rElec)
You can survive without breathing.
You are immune to petrification.
You are immune to rotting.


Message History

Two slime creatures merge to form a very large slime creature.
You hit the very large slime creature.
You freeze the very large slime creature.
The very large slime creature is heavily wounded.
You slice the very large slime creature!!
You freeze the very large slime creature!
The very large slime creature is severely wounded.
You slash the very large slime creature!
You freeze the very large slime creature.
The very large slime creature is severely wounded.
The very large slime creature hits you!!
* * * LOW HITPOINT WARNING * * *
A red film seems to cover your vision as you go berserk!
You feel yourself moving faster!
You feel mighty!
You are feeling very hungry.
The very large slime creature hits you but does no damage.
You hit the very large slime creature but do no damage.
The very large slime creature is severely wounded.
The very large slime creature hits you!
You die...

#.#.#.#.# #.# #.###......
#.#.#.#.######.#####........##
#.#.#.#(##....................
#.#...#.##.#...#########......
#.#####.##.#...########..≈≈≈.≈
####.# #.##.#..........#.≈≈##.#
.....#####.##.####...(##.#.≈##...
####.#...#.##.####..((##.#.≈#.}..
###...#.##>..@J[..(...(.≈.....
#...#.#######.....#...≈#....
#...#.# #.....#...≈##... #...#.#
#####.....#...≈≈##.# #...#.#
#..)......#....≈≈≈≈≈ #...#.#
#......##.#.........
###...#.###......##.#.#.......
#............#############.##.
#)#####.......# #.# #..##.


You could see a very large slime creature.

Vanquished Creatures
  Gastronok (Lair:2)
  2 dire elephants (Lair:3)
  Snorg (Lair:6)
  7 hydras
  Harold (Lair:4)
  2 centaur warriors (D:11)
  3 catoblepae (Lair:6)
  Erica (D:8)
  6 two-headed ogres
  13 death yaks (Lair:6)
  4 orc high priests (Orc:2)
  6 orc knights (Orc:2)
  The ghost of nubinia the Zephyrmancer, a novice TeVM of Sif Muna (D:11)
  A lindwurm (Lair:6)
  9 orc sorcerers
  3 cyclopes
  An ugly thing (D:11)
  2 manticores (Lair:6)
  Maurice (D:8)
  7 elephants
  5 black mambas
  10 spiny frogs
  A torpor snail (Lair:6)
  A rime drake (Lair:3)
  2 komodo dragons
  3 freezing wraiths
  6 trolls
  A hornet (D:10)
  2 polar bears
  A queen bee (D:10)
  Prince Ribbit (D:8)
  A slime creature (D:11)
  14 blink frogs
  3 dream sheep
  7 hippogriffs
  Sigmund (D:3)
  A spriggan (Lair:4)
  A wraith (D:11)
  4 wyverns
  49 yaks
  4 basilisks
  An acid dragon (D:11)
  3 wargs
  17 water moccasins
  46 orc warriors
  10 porcupines
  6 ice beasts
  5 sky beasts
  2 black bears
  8 ogres
  An eye of draining (D:11)
  4 phantoms
  21 wolves
  20 crocodiles
  6 centaurs
  5 big kobolds
  20 bullfrogs
  A gnoll sergeant (D:5)
  A water moccasin zombie (D:6)
  3 scorpions
  27 killer bees
  3 wights (D:9)
  4 electric eels
  6 howler monkeys
  5 crimson imps
  2 bullfrog zombies
  7 hounds
  3 jellies
  2 centaur zombies
  Crazy Yiuf (D:3)
  2 centaur skeletons
  28 orc priests
  2 gnoll shamans (D:5)
  7 iguanas
  Terence (D:3)
  21 orc wizards
  9 worker ants
  5 hell rats (Lair:4)
  2 worker ant zombies
  A howler monkey skeleton (D:9)
  51 gnolls
  13 adders
  2 river rats (D:4)
  3 shadow imps
  3 oozes
  An adder skeleton (D:7)
  4 worms
  8 leopard geckos
  98 orcs
  3 ball pythons
  9 giant cockroaches
  9 goblins
  6 hobgoblins
  36 jackals
  19 kobolds
  4 quokkas
  18 bats
  12 frilled lizards
  A jackal skeleton (D:8)
  7 rats
  12 fungi
  3 plants
830 creatures vanquished.

Vanquished Creatures (collateral kills)
  Saint Roka (Orc:2)
  A komodo dragon (Lair:6)
  A dream sheep (Lair:6)
  4 orc warriors (Orc:2)
  2 orcs (Orc:2)
9 creatures vanquished.

Vanquished Creatures (others)
  A sky beast (D:11)
  A hound (D:4)
  4 fungi
  7 plants
  9 toadstools (Lair:3)
22 creatures vanquished.

Grand Total: 861 creatures vanquished

Notes
Turn   | Place    | Note
-------+----------+-------------------------------------------
     0 | D:1      | nikopol the Gargoyle Berserker began the quest for the Orb.
     0 | D:1      | Reached XP level 1. HP: 14/14 MP: 1/1
    31 | D:1      | Reached XP level 2. HP: 7/19 MP: 2/2
   482 | D:1      | Reached XP level 3. HP: 16/23 MP: 3/3
  1152 | D:2      | Reached XP level 4. HP: 27/29 MP: 4/4
  1181 | D:2      | Found an ornate altar of the Wu Jian Council.
  1377 | D:2      | Reached ** piety under Trog
  1427 | D:2      | You fall through a shaft!
  1572 | D:3      | Reached XP level 5. HP: 32/33 MP: 5/5
  1596 | D:3      | Noticed Sigmund
  1605 | D:3      | Killed Sigmund
  1605 | D:3      | Reached XP level 6. HP: 39/39 MP: 6/6
  2159 | D:3      | Reached skill level 5 in Fighting
  2390 | D:3      | Found a faded altar of an unknown god.
  2413 | D:3      | Found a sparkling altar of Nemelex Xobeh.
  2602 | D:3      | Noticed Terence
  2614 | D:3      | Killed Terence
  2825 | D:3      | Found a runed door.
  2829 | D:3      | Noticed Crazy Yiuf
  2835 | D:3      | Killed Crazy Yiuf
  2835 | D:3      | Reached XP level 7. HP: 44/44 MP: 7/7
  2961 | D:4      | Reached *** piety under Trog
  3025 | D:4      | Found a glowing drain.
  3062 | Sewer    | Entered a sewer
  4642 | D:5      | Entered Level 5 of the Dungeon
  4696 | D:5      | Reached XP level 8. HP: 43/51 MP: 8/8
  4792 | D:5      | Got a bloodstained whip
  4793 | D:5      | Identified the +4 whip of Vemiguv {slash, +Rage rPois Dex+2 Stlth-} (You found it on level 5 of the Dungeon)
  4866 | D:5      | Reached skill level 5 in Axes
  4866 | D:5      | Reached skill level 5 in Armour
  4876 | D:5      | Reached **** piety under Trog
  5429 | D:5      | Received a gift from Trog
  5747 | D:5      | Found Wohocl Kedo's Distillery.
  5879 | D:5      | Found Ygynup's Weapon Shoppe.
  5894 | D:5      | Reached skill level 1 in Bows
  5929 | D:5      | Found Mahel's Food Emporium.
  6203 | D:5      | Reached XP level 9. HP: 56/56 MP: 9/9
  6244 | D:5      | Noticed Ijyb
  6503 | D:5      | Bought 2 potions of heal wounds for 110 gold pieces
  6721 | D:5      | Found Lofuntot's Assorted Antiques.
  6732 | D:5      | Bought a runed hand axe for 198 gold pieces
  6825 | D:6      | Reached ***** piety under Trog
  6882 | D:6      | Found an iron altar of Okawaru.
  6982 | D:6      | Found a bloodstained altar of Trog.
  7189 | D:6      | Reached skill level 5 in Dodging
  7246 | D:6      | Found a burning altar of Makhleb.
  7339 | D:7      | Found a hazy altar of Hepliaklqana.
  7590 | D:7      | Found a staircase to the Ecumenical Temple.
  7849 | D:7      | Reached XP level 10. HP: 63/63 MP: 10/10
  7939 | D:7      | Found an ancient bone altar of Kikubaaqudgha.
  8159 | D:8      | Found an opulent altar of Gozag.
  8302 | D:8      | Upgraded the game from 0.20-a0-1089-g3fde505 to 0.20-a0-1109-ge3cd172
  8337 | D:8      | Noticed Maurice
  8383 | D:8      | Killed Maurice
  8383 | D:8      | Received a gift from Trog
  8383 | D:8      | Reached skill level 5 in Bows
  8514 | D:8      | Found a shimmering altar of Xom.
  8571 | D:8      | Noticed Prince Ribbit
  8580 | D:8      | Killed Prince Ribbit
  8622 | D:8      | Noticed Erica
  8637 | D:8      | Killed Erica
  9383 | D:9      | Noticed a two-headed ogre
  9391 | D:9      | Killed a two-headed ogre
  9864 | D:9      | Reached XP level 11. HP: 64/69 MP: 11/11
 10062 | D:9      | Noticed a two-headed ogre
 10070 | D:9      | Killed a two-headed ogre
 10232 | D:10     | Entered Level 10 of the Dungeon
 10404 | D:10     | Found a staircase to the Orcish Mines.
 11028 | D:10     | Received a gift from Trog
 11029 | D:10     | Got a pitted longbow {god gift}
 11030 | D:10     | Identified the +2 longbow of Symmetry {freeze, rElec rPois rN++ Dex-3} (Trog gifted it to you on level 10 of the Dungeon)
 11210 | D:10     | Noticed a three-headed hydra
 11220 | D:10     | Killed a one-headed hydra
 11438 | D:10     | Found Iceguol's Magic Scroll Emporium.
 11445 | D:10     | Bought a scroll of teleportation for 36 gold pieces
 11445 | D:10     | Bought a scroll of enchant weapon for 90 gold pieces
 11445 | D:10     | Bought a scroll of enchant weapon for 90 gold pieces
 11639 | D:11     | Noticed nubinia's ghost (novice TeVM)
 11643 | D:11     | Killed nubinia's ghost
 11677 | D:11     | Found Wompol's Jewellery Boutique.
 11816 | D:11     | Noticed a two-headed ogre
 11834 | D:11     | HP: 5/106 [orc warrior/dire flail of protection (3)]
 11836 | D:11     | Killed a two-headed ogre
 11837 | D:11     | Reached XP level 12. HP: 6/76 MP: 12/12
 11878 | D:11     | Found a staircase to the Lair.
 11941 | D:11     | Reached skill level 10 in Axes
 11946 | D:11     | Found a large runed door.
 11950 | D:11     | Found a large runed door.
 11966 | D:11     | Found a large runed door.
 11966 | D:11     | Found a large runed door.
 12119 | D:11     | Paralysed by an orc sorcerer for 4 turns
 12146 | D:11     | Paralysed by an orc sorcerer for 4 turns
 12351 | D:11     | Noticed a two-headed ogre
 12361 | D:11     | Killed a two-headed ogre
 12757 | D:11     | Noticed a centaur warrior
 12772 | D:11     | Killed a centaur warrior
 12796 | D:11     | Identified Sif Muna's Compendium of Virous Malediction
 12893 | D:11     | Noticed a centaur warrior
 12927 | D:11     | Killed a centaur warrior
 12966 | D:11     | Paralysed by an orc sorcerer for 5 turns
 13064 | D:11     | Found Qehuiwkur's Antique Armour Shop.
 13074 | D:11     | Bought a smelly chain mail for 285 gold pieces
 13085 | D:11     | Identified the cursed +0 chain mail of Loss {Dex+2} (You bought it in a shop on level 11 of the Dungeon)
 13164 | D:11     | Received a gift from Trog
 13307 | Lair:1   | Entered Level 1 of the Lair of Beasts
 13429 | Lair:1   | Reached skill level 10 in Bows
 13462 | Lair:1   | Reached skill level 10 in Fighting
 13465 | Lair:1   | Reached ****** piety under Trog
 13549 | Lair:1   | You fall through a shaft!
 13573 | Lair:2   | Received a gift from Trog
 13575 | Lair:2   | Reached XP level 13. HP: 40/82 MP: 13/13
 14372 | Lair:1   | Reached skill level 10 in Armour
 14375 | Lair:1   | Received a gift from Trog
 14823 | Lair:2   | Noticed Gastronok
 14833 | Lair:2   | Killed Gastronok
 14928 | Lair:2   | Found a staircase to the Swamp.
 14944 | Lair:2   | Upgraded the game from 0.20-a0-1109-ge3cd172 to 0.20-a0-1114-g33edf32
 14944 | Lair:2   | Upgraded the game from 0.20-a0-1114-g33edf32 to 0.20-a0-1117-g62da73f
 15541 | Lair:3   | Got a crude glaive
 15637 | Lair:3   | Found a hole to the Spider Nest.
 15905 | Lair:3   | Found a runed door.
 16543 | Lair:3   | Noticed a dire elephant
 16575 | Lair:3   | Killed a dire elephant
 16666 | Lair:3   | Noticed a dire elephant
 16678 | Lair:3   | Killed a dire elephant
 17078 | Lair:4   | Gained mutation: Your large and strong wings let you fly indefinitely. [Gargoyle growth]
 17078 | Lair:4   | Reached XP level 14. HP: 80/90 MP: 14/14
 17485 | Lair:4   | Noticed Harold
 17494 | Lair:4   | Killed Harold
 17750 | Lair:4   | Received a gift from Trog
 19079 | Lair:6   | Entered Level 6 of the Lair of Beasts
 19457 | Lair:6   | Found a staircase to the Slime Pits.
 19457 | Lair:6   | Found a viscous altar of Jiyva.
 19529 | Lair:6   | Received a gift from Trog
 20186 | Lair:6   | Reached XP level 15. HP: 62/96 MP: 15/15
 20358 | Lair:6   | Noticed Snorg
 20372 | Lair:6   | Killed Snorg
 21015 | Orc:1    | Entered Level 1 of the Orcish Mines
 21201 | Orc:2    | Entered Level 2 of the Orcish Mines
 21314 | Orc:2    | Received a gift from Trog
 21986 | Orc:2    | Found a roughly hewn altar of Beogh.
 22087 | Orc:2    | Found Rismopn's Antique Armour Boutique.
 22187 | Orc:2    | Found Veheotuf's Antique Weapon Shop.
 22203 | Orc:2    | Received a gift from Trog
 22621 | Orc:2    | Found a staircase to the Elven Halls.
 23030 | Orc:2    | Noticed Saint Roka
 23058 | Orc:2    | Killed Saint Roka
 23257 | Orc:2    | Found a roughly hewn altar of Beogh.
 23396 | Orc:2    | Found Duted's Weapon Boutique.
 23449 | Orc:2    | Received a gift from Trog
 23465 | Orc:2    | Found Fosmonn's Armour Emporium.
 23603 | Orc:2    | Upgraded the game from 0.20-a0-1117-g62da73f to 0.20-a0-1122-gb7cbeb9
 24442 | Orc:2    | Bought the +6 chain mail "Gaatse" {+Inv MR+ Dex-2} for 898 gold pieces
 24801 | D:11     | HP: 2/97 [very large slime creature (34)]
 24803 | D:11     | Mangled by a very large slime creature

Vault maps used:
D:1:      scummos_arrival_hexagon, minmay_tetromino_t2
D:2:      lemuel_round_altar
D:3:      chequers_ecumenical_altar_lobes, nemelex_xobeh_ov_fountains_minmay,
          uniq_sigmund, uniq_crazy_yiuf_cottage, uniq_terence
D:4:      first_bread, cheibrodos_sewer_entry_sluice
D:5:      lemuel_castle_with_subvaults, serial_shops, shop, shop,
          nicolae_shop_statue_plus, shop, kennysheep_small_square, uniq_ijyb
D:6:      lemuel_crystal_altar, makhleb_grotto_becter, okawaru_metal_pillars_3
D:7:      nicolae_overflow_crystal_walls, kennysheep_little_box,
          minmay_temple_entry_crystal_x
D:8:      nicolae_gozag_cash_rules_everything_around_me,
          nicolae_overflow_hidden_temple, lemuel_crystal_altar, uniq_maurice,
          uniq_erica, uniq_prince_ribbit1
D:10:     orc_0_dummy, special_room, serial_shops, kennysheep_mini,
          hangedman_ranch, serial_bayou_pond_d
D:11:     cheibrodos_wizards_tower, lair_entry_dummy, serial_shops, shop,
          shop_fountains, serial_curves, eino_curves_03, eino_curves_03,
          minmay_hollow_rounded_squares
D:12:     grunt_dithmenos_shadows
Lair:1:   roderic_batcave, serial_bayou_lagoon_b, grunt_megastairs_3
Lair:2:   swamp_mist_pool, uniq_gastronok
Lair:3:   gammafunk_lair_enchanted_lake, spider_nest_entry_web_field,
          serial_bayou_shore_a, serial_bayou_shore_b, serial_bayou_shore_b
Lair:4:   grunt_forest_stairs_clearing, grunt_megastairs_5, uniq_harold
Lair:5:   st_stairs_7, lemuel_fruit_tree, lemuel_fruit_fields
Lair:6:   evilmike_catoblepas_cave, slime_altar_1, uniq_snorg
Orc:2:    pubby_orc_utopia, uniq_saint_roka
Sewer:    sewer_frog_island_01

Skill      XL: |  1  2  3  4  5  6  7  8  9 10 11 12 13 14 15 |
---------------+----------------------------------------------+-----
Axes           | 3 4 5 7 8 9 11 12 13 | 13.9
Dodging        | 2 3 4 5 6 7 8 9 |  9.3
Fighting       | 4 5 6 7 8 9 10 11 12 | 12.5
Armour         | 3 4 6 7 8 9 10 11 12 | 12.1
Bows           | 2 4 6 8 10 11 12 13 | 13.3

Action                   |  1- 3 |  4- 6 |  7- 9 | 10-12 | 13-15 || total
-------------------------+-------+-------+-------+-------+-------++-------
Melee: Hand axe          |    90 |   229 |   663 |   747 |   134 ||  1863
       Executioner's axe |       |       |       |       |   142 ||   142
       Broad axe         |       |       |       |       |   491 ||   491
 Fire: Shortbow          |       |       |   148 |   176 |   344 ||   668
       Longbow           |       |       |       |   125 |   369 ||   494
Invok: Berserk           |       |     4 |     3 |     6 |     6 ||    19
       Burn Spellbooks   |       |       |     1 |     1 |     3 ||     5
       Trog's Hand       |       |       |       |     1 |     1 ||     2
       Brothers in Arms  |       |       |       |       |     1 ||     1
 Abil: Fly               |       |       |       |       |     1 ||     1
       Stop Flying       |       |       |       |       |     1 ||     1
  Use: Scroll            |       |       |     9 |       |    21 ||    30
       Potion            |       |       |       |     1 |       ||     1
  Eat: Chunk             |     1 |     8 |    17 |    24 |    42 ||    92
       Bread ration      |       |       |     1 |       |       ||     1
Armor: Animal skin       |     7 |       |       |       |       ||     7
       Ring mail         |    41 |       |       |       |       ||    41
       Scale mail        |       |   141 |   424 |   386 |       ||   951
       Chain mail        |       |       |       |    57 |   616 ||   673
Dodge: Dodged            |    61 |   134 |   545 |   532 |   665 ||  1937
